 Dungeon Crawl Stone Soup version 0.16-a0-4072-gc5a8185 (console) character file.

4186 hhkb the Martial Artist (level 10, -4/68 HPs)
             Began as an Octopode Transmuter on Feb 21, 2015.
             Was a Follower of Fedhas.
             Slain by an unseen horror (6 damage)
             ... on level 9 of the Dungeon.
             The game lasted 00:50:52 (13456 turns).

hhkb the Martial Artist (Octopode Transmuter)      Turns: 13456, Time: 00:50:52

Health: -4/68      AC:  1    Str: 11    XL:     10   Next: 29%
Magic:  15/16      EV: 16    Int: 16    God:    Fedhas [*.....]
Gold:   430        SH:  0    Dex: 16    Spells: 4 memorised, 3 levels left

rFire  . . .     SeeInvis .     k - +7 dagger {elec, Str+2 Stlth+}
rCold  . . .     Clarity  .     (no shield)
rNeg   . . .     SustAb   .     (helmet restricted)
rPois  .         Gourm    .     (no amulet)
rElec  .         Spirit   .     z - ring of protection from magic {MR+, !d}
rCorr  .         Warding  .     (no ring)
rMut   .         Stasis   .     (no ring)
MR     +....                    (no ring)
Stlth  +++.......               (no ring)
                                (no ring)
                                (no ring)
                                (no ring)

@: somewhat resistant to hostile enchantments, fairly stealthy
A: almost no armour, amphibious, 8 rings, constrict 8, camouflage 1, gelatinous
body 1
a: Evolution, Renounce Religion


You were on level 9 of the Dungeon.
You worshipped Fedhas.
Fedhas was aware of your devotion.
You were hungry.

You visited 2 branches of the dungeon, and saw 10 of its levels.

You collected 430 gold pieces.

Inventory:

Hand weapons
 k - the +7 dagger of Darkness (weapon) {elec, Str+2 Stlth+}
   (You found it on level 4 of the Dungeon)

   Occasionally, upon striking a foe, it will discharge some electrical energy
   and cause terrible harm.
   It affects your strength (+2).
   It makes you more stealthy.
 x - a +1 blowgun
   (You took it off a kobold on level 4 of the Dungeon)
Missiles
 b - 93 arrows
 g - 92 stones (quivered)
 y - 19 poisoned needles
 F - 2 throwing nets {=f, !d}
Jewellery
 z - a ring of protection from magic (left tentacle) {MR+, !d}
   (You found it on level 5 of the Dungeon)
 I - an uncursed ring of teleportation {+/*tele, !d}
   (You found it on level 9 of the Dungeon)
Magical devices
 u - a wand of disintegration (9)
   (You found it on level 3 of the Dungeon)
 C - a wand of flame (14)
   (You took it off Blork the orc on level 5 of the Dungeon)
 J - a wand of flame (17)
   (You found it on level 7 of the Dungeon)
Scrolls
 c - a scroll of vulnerability {unknown}
 f - 3 scrolls of remove curse
 l - a scroll of noise {unknown}
 m - 2 scrolls of fear
 o - a scroll of enchant weapon
 s - a scroll of immolation {unknown}
 w - a scroll of recharging {unknown}
 B - 3 scrolls of identify
 D - a scroll of enchant armour {unknown}
 E - 2 scrolls of teleportation
 G - a scroll of torment {unknown}
 H - a scroll of silence {unknown}
Potions
 e - 3 potions of brilliance
 h - 5 potions of heal wounds {unknown}
 i - a potion of magic {unknown}
 j - a potion of resistance
 n - 5 potions of curing {unknown}
 q - 4 potions of haste
 r - a potion of agility {unknown}
 v - a potion of mutation {unknown}
 A - 2 potions of might {unknown}
Books
 d - a book of Changes
Comestibles
 a - 5 bread rations {@e1}
 p - 4 meat rations {@e2}
 t - 12 royal jellies


   Skills:
 - Level 6.2 Fighting
 - Level 6.0 Dodging
 - Level 11.0 Unarmed Combat
 - Level 2.0 Spellcasting
 + Level 4.4 Transmutations
 + Level 2.8 Ice Magic
 - Level 1.4 Poison Magic


You had 3 spell levels left.
You knew the following spells:

 Your Spells              Type           Power        Failure   Level  Hunger
a - Beastly Appendage     Trmt           ###...       4%          1    #......
b - Ice Form              Ice/Trmt       ##......     50%         4    #####..
c - Spider Form           Trmt/Pois      ##........   21%         3    ###....
s - Sticks to Snakes      Trmt           ###.......   8%          2    ###....


Dungeon Overview and Level Annotations

Branches:
Dungeon (9/15)             Temple (1/1) D:7
   Lair: D:8-11         Orc: D:9-12

Altars:
Ashenzari
Cheibriados
Dithmenos
Elyvilon
Fedhas
Gozag
Kikubaaqudgha
Makhleb
Nemelex Xobeh
Okawaru
Qazlal
Ru
Sif Muna
Trog
Vehumet
Xom
Yredelemnul
Zin
The Shining One

Shops:
D:6 (

Annotations:
D:3 Zooty's ghost, average HuCK


Innate Abilities, Weirdness & Mutations

You cannot wear most types of armour.
You are amphibious.
You can wear up to eight rings at the same time.
You can use your tentacles to constrict many enemies at once.
Your skin changes colour to match your surroundings (Stealth).
Your rubbery body absorbs attacks (AC +1).


Message History

Your Ice Magic skill increases to level 2!
You see here a yak corpse.
Eat which item? (? for menu, Esc to quit)
Okay, then.
You butcher the yak corpse.
You see here 5 chunks of flesh {@w0}.
Eating one of 5 chunks of flesh {@w0}.
You continue eating. x2
Eat which item? (? for menu, Esc to quit)
Okay, then.
You offer a prayer to Fedhas.
Fedhas is aware of your devotion.
Your transformation has ended.
The +7 dagger of Darkness {elec, Str+2 Stlth+} unmelds from your body.
You hear the crackle of electricity.
You start resting.
You regained 21 hp, and now have 64/68 hp.
MP restored: 16 You start resting.
Health restored: 68
There is a stone staircase leading down, spattered with blood here.
You turn into a venomous arachnid creature.
The +7 dagger of Darkness {elec, Str+2 Stlth+} melds into your body.
The +7 dagger of Darkness {elec, Str+2 Stlth+} stops crackling.
You now have 13/16 mp.
You climb downwards.
Your transformation is almost over.
The yak completely misses you. The shadow hits you.
The yak completely misses you.
There is a stone staircase leading up, spattered with blood here.
You take 1 damage, and have 67/68 hp.
You bite the yak!
The yak is poisoned.
The shadow completely misses you.
You bite the yak!
The yak looks even sicker.
The yak misses you. The shadow misses you.
You bite the yak! The yak closely misses you. The shadow hits you.
You take 1 damage, and have 66/68 hp.
You bite the yak!
You kill the yak!
The shadow misses you.
You bite the shadow! You bite the shadow! The shadow hits you.
You bite the shadow!
You destroy the shadow!
Your transformation has ended.
The +7 dagger of Darkness {elec, Str+2 Stlth+} unmelds from your body.
You hear the crackle of electricity.
You see here a yak corpse.
You offer a prayer to Fedhas.
A toadstool grows before you.
Some toadstools grow from a nearby corpse.
Fedhas appreciates your contribution to the ecosystem.
Fedhas is aware of your devotion.
Health restored: 68
There is a stone staircase leading up, spattered with blood here.
Okay, then.
Unknown command.
Okay, then.
Something completely misses you. Something completely misses you.
Something closely misses you. Something hits you!
You take 9 damage, and have 59/68 hp.
MP restored: 16 Something hits you!
You take 9 damage, and have 50/68 hp.
You turn into a venomous arachnid creature.
The +7 dagger of Darkness {elec, Str+2 Stlth+} melds into your body.
The +7 dagger of Darkness {elec, Str+2 Stlth+} stops crackling.
Something barely misses you.
You now have 13/16 mp.
Something hits you!
You take 7 damage, and have 43/68 hp.
Your transformation is almost over.
Something hits you but does no damage. Something misses you.
Something hits you.
You take 5 damage, and have 39/68 hp.
Something hits you!
You take 8 damage, and have 31/68 hp.
Something hits you.
You take 4 damage, and have 27/68 hp.
Something hits you!
* * * LOW HITPOINT WARNING * * *
You take 9 damage, and have 18/68 hp.
Something hits you.
* * * LOW HITPOINT WARNING * * *
You take 6 damage, and have 12/68 hp.
Read which item? (? for menu, Esc to quit)
As you read the scroll of fear, it crumbles to dust.
You assume a fearsome visage.
You are feeling hungry.
Your transformation has ended.
The +7 dagger of Darkness {elec, Str+2 Stlth+} unmelds from your body.
You hear the crackle of electricity.
You completely miss something. You squeeze something! Something hits you!
* * * LOW HITPOINT WARNING * * *
You take 11 damage, and have 2/68 hp.
Something hits you.
You die...
Fedhas appreciates your contribution to the ecosystem.

####............
#...........# ###
..[.#####....# ##.# ##...#
##.## ##...###...#
##.....##...# #...#.......#
#.......#...###..
##.##..@.........##
####..#.............D..###
..#....##......####.........#
#...#......##..# ... #....
#...#...#..##..# #..<
#.......##....... ###.
###......##........ ##
..............#....##..
....................#...


There were no monsters in sight!

Vanquished Creatures
  6 yaks
  2 hungry ghosts (D:7)
  A shadow (D:9)
  2 sky beasts
  2 ice beasts
  2 ogres (D:4)
  A centaur (D:7)
  A phantom (D:8)
  Duvessa (D:4)
  7 giant frogs
  Blork the orc (D:5)
  A wyvern skeleton (D:7)
  2 scorpions
  5 wights (D:6)
  Dowan (D:4)
  3 jellies (D:8)
  2 crimson imps
  2 orc priests
  2 centaur skeletons
  7 hounds
  6 orc wizards
  2 iguanas
  5 worker ants
  Ijyb (D:3)
  Jessica (D:2)
  A mummy (D:7)
  11 adders
  4 giant mites
  2 shadow imps (D:7)
  A worm (D:2)
  An adder zombie (D:9)
  2 adder skeletons (D:4)
  7 giant geckos
  7 oozes
  25 orcs
  A ball python (D:2)
  12 bats
  A bat skeleton (D:6)
  11 giant cockroaches
  17 goblins
  15 hobgoblins
  10 jackals
  A quokka (D:3)
  5 giant newts
  A hobgoblin zombie (D:7)
  16 kobolds
  A kobold zombie (D:7)
  A quokka zombie (D:5)
  14 rats
233 creatures vanquished.

Vanquished Creatures (collateral kills)
  4 orcs
4 creatures vanquished.

Vanquished Creatures (others)
  33 toadstools
33 creatures vanquished.

Grand Total: 270 creatures vanquished

Notes
Turn   | Place    | Note
--------------------------------------------------------------
     0 | D:1      | hhkb, the Octopode Transmuter, began the quest for the Orb.
     0 | D:1      | Reached XP level 1. HP: 13/13 MP: 3/3
   522 | D:1      | Reached XP level 2. HP: 16/18 MP: 4/4
   959 | D:1      | Learned a level 2 spell: Sticks to Snakes
  1023 | D:1      | Reached skill level 4 in Unarmed Combat
  1291 | D:1      | Reached XP level 3. HP: 23/23 MP: 6/6
  1506 | D:1      | Learned a level 3 spell: Spider Form
  1794 | D:2      | Noticed Jessica
  2061 | D:2      | Reached skill level 1 in Poison Magic
  2089 | D:2      | Reached XP level 4. HP: 28/28 MP: 7/7
  2678 | D:2      | Killed Jessica
  2678 | D:2      | Reached skill level 3 in Transmutations
  3028 | D:3      | Noticed Ijyb
  3053 | D:3      | Killed Ijyb
  3053 | D:3      | Reached XP level 5. HP: 21/33 MP: 1/9
  3183 | D:3      | Noticed Zooty's ghost (average HuCK)
  3217 | D:3      | Found a shattered altar of Ashenzari.
  3236 | D:3      | Reached skill level 5 in Unarmed Combat
  4715 | D:4      | Reached XP level 6. HP: 25/38 MP: 5/10
  4841 | D:4      | Reached skill level 6 in Unarmed Combat
  4863 | D:4      | Noticed an ogre
  4874 | D:4      | Killed an ogre
  5183 | D:4      | Reached skill level 7 in Unarmed Combat
  5207 | D:4      | Reached XP level 7. HP: 36/43 MP: 9/12
  5335 | D:4      | Got a warped dagger
  5337 | D:4      | Identified the +7 dagger of Darkness {elec, Str+2 Stlth+} (You found it on level 4 of the Dungeon)
  5493 | D:4      | Reached skill level 2 in Fighting
  5751 | D:4      | Noticed an ogre
  5757 | D:4      | Noticed Duvessa
  5767 | D:4      | Killed an ogre
  5767 | D:4      | Reached skill level 3 in Dodging
  6127 | D:4      | Reached skill level 3 in Fighting
  6323 | D:4      | Noticed Dowan
  6327 | D:4      | Killed Duvessa
  6551 | D:4      | Killed Dowan
  6551 | D:4      | Reached skill level 4 in Dodging
  6551 | D:4      | Reached XP level 8. HP: 51/53 MP: 13/13
  6911 | D:5      | Entered Level 5 of the Dungeon
  7175 | D:5      | Reached skill level 4 in Fighting
  7744 | D:5      | Noticed Blork the orc
  7762 | D:5      | Killed Blork the orc
  7889 | D:5      | Learned a level 4 spell: Ice Form
  8141 | D:5      | Reached skill level 5 in Dodging
  8525 | D:6      | Reached skill level 5 in Fighting
  8968 | D:6      | Found Yfiogawn's Weapon Emporium.
  9448 | D:6      | Reached skill level 8 in Unarmed Combat
  9617 | D:6      | Reached XP level 9. HP: 62/62 MP: 8/14
 10422 | D:7      | Reached skill level 6 in Fighting
 10423 | D:7      | Found a staircase to the Ecumenical Temple.
 10436 | Temple   | Entered the Ecumenical Temple
 10451 | Temple   | Became a worshipper of Fedhas Madash
 10683 | D:7      | Reached skill level 6 in Dodging
 10741 | D:7      | Reached skill level 9 in Unarmed Combat
 11800 | D:8      | Found a basalt altar of Yredelemnul.
 11853 | D:8      | Reached skill level 10 in Unarmed Combat
 11891 | D:8      | HP: 12/62 [sky beast (5)]
 12887 | D:8      | Reached XP level 10. HP: 52/68 MP: 12/16
 12891 | D:8      | Reached skill level 11 in Unarmed Combat
 12893 | D:8      | Acquired Fedhas' first power
 13238 | D:9      | Reached skill level 1 in Ice Magic
 13259 | D:8      | Reached skill level 4 in Transmutations
 13259 | D:8      | Reached skill level 2 in Ice Magic
 13449 | D:9      | HP: 12/68 [something (6)]
 13455 | D:9      | HP: 2/68 [something (11)]
 13456 | D:9      | Slain by an unseen horror

Action                   |  1- 3 |  4- 6 |  7- 9 | 10-12 || total
-------------------------+-------+-------+-------+-------++-------
Melee: Unarmed           |    91 |   134 |    71 |    18 ||   314
       Dagger            |       |       |   277 |    19 ||   296
Throw: Stone             |    41 |    42 |   119 |     6 ||   208
 Cast: Beastly Appendage |    23 |     6 |       |       ||    29
       Sticks to Snakes  |     2 |    11 |    10 |       ||    23
       Spider Form       |       |    10 |     6 |     3 ||    19
  Use: Scroll            |       |     7 |     5 |     2 ||    14
 Stab: Sleeping          |     1 |       |     2 |       ||     3
  Eat: Chunk             |     4 |     6 |    15 |     2 ||    27
       Bread ration      |       |     1 |     1 |       ||     2
       Fruit             |       |     3 |     2 |       ||     5
       Beef jerky        |       |       |     5 |       ||     5

Vault maps used:
D:1:      saegor_arrival_simple_e
D:2:      uniq_jessica
D:3:      kennysheep_six_static_rooms, minmay_curled_crystal,
          cheibrodos_ashenzari_chains, uniq_iyjb
D:4:      uniq_duvessa
D:5:      first_bread, uniq_blork_the_orc
D:6:      serial_shops, nicolae_shop_window_shopping, minmay_lizard_king
D:7:      minmay_temple_entry_poolview, nicolae_ossuary_entry_giza
D:8:      kennysheep_mini_moat, hangedman_little_slice_of_home,
          nrook_mini_vaults
D:9:      serial_shops, nicolae_shop_crystal, eino_tiny_chamber
Temple:   grunt_wide_crystal_templ_18

Table legend:
 A = Turns spent in this place as a percentage of turns spent in the entire game.
 B = Non-inter-level travel turns spent in this place as a percentage of non-inter-level travel turns spent in the entire game.
 C = Inter-level travel turns spent in this place as a percentage of turns spent in this place.
 D = Turns resting spent in this place as a percentage of non-inter-level travel turns spent in this place.
 E = Turns spent auto-exploring this place as a percentage of non-inter-level travel turns spent in this place.
 F = Non-inter-level travel turns spent in this place divided by the number of levels of this place that you've seen.
                   A       B       C       D       E      F
               +-------+-------+-------+-------+-------+----------------------
         Total | 100.0 | 100.0 |   0.8 |   4.3 |   6.6 | 480.8
       Dungeon |  98.9 |  98.9 |   0.8 |   4.4 |   6.3 | 528.6
        Temple |   1.1 |   1.1 |   1.9 |   0.0 |  31.4 |  51.0
               +-------+-------+-------+-------+-------+----------------------

Table legend:
 A = Kills in this place as a percentage of kills in entire the game.
 B = Kills by you in this place as a percentage of kills by you in the entire game.
 C = Kills by friends in this place as a percentage of kills by friends in the entire game.
 D = Other kills in this place as a percentage of other kills in the entire game.
 E = Experience gained in this place as a percentage of experience gained in the entire game.
 F = Experience gained in this place divided by the number of levels of this place that you have seen.
                   A       B       C       D       E      F
               +-------+-------+-------+-------+-------+----------------------
         Total | 100.0 | 100.0 | 100.0 |  -nan | 100.0 | 598.0
       Dungeon | 100.0 | 100.0 | 100.0 |  -nan | 100.0 | 664.4
               +-------+-------+-------+-------+-------+----------------------
